 Dungeon Crawl Stone Soup version 0.21.1-1-g345015f (console) character file.

58 tminei the Skirmisher (level 4, 0/29 HPs)
             Began as a Gargoyle Fighter on July 21, 2018.
             Slain by Robin
             ... wielding a +0 trident
              (2 damage)
             ... on level 2 of the Dungeon.
             The game lasted 00:05:46 (995 turns).

tminei the Skirmisher (Gargoyle Fighter)             Turns: 995, Time: 00:05:46

Health: 0/29       AC: 11    Str: 20    XL:     4   Next: 1%
Magic:  4/4        EV:  7    Int:  9    God:
Gold:   44         SH:  9    Dex:  9    Spells: 3/3 levels left

rFire    . . .     SeeInvis .   a - +1 flail
rCold    . . .     Gourm    .   c - +0 shield
rNeg     + . .     Faith    .   b - +0 scale mail
rPois    ∞         Spirit   .   (no helmet)
rElec    +         Reflect  .   (no cloak)
rCorr    .         Harm     .   (no gloves)
MR       +....                  h - +0 pair of boots
Stlth    ..........             (no amulet)
HPRegen  0.09/turn              m - ring of protection from magic
MPRegen  0.09/turn              (no ring)

@: no status effects
A: negative energy resistance 1, electricity resistance, unbreathing,
petrification resistance, rot immunity, AC +3
a: no special abilities


You were on level 2 of the Dungeon.
You were hungry.

You visited 1 branch of the dungeon, and saw 2 of its levels.

You collected 44 gold pieces.

Inventory:

Hand Weapons
 a - a +1 flail (weapon)
Missiles
 e - 51 stones (quivered)
 k - 25 arrows
Armour
 b - a +0 scale mail (worn)
 c - a +0 shield (worn)
 h - a +0 pair of boots (worn)
Jewellery
 m - a ring of protection from magic (left hand)
Scrolls
 g - a scroll of remove curse {unknown}
 j - a scroll of amnesia {unknown}
Potions
 d - a potion of might
 i - a potion of berserk rage {unknown}
 l - a potion of curing {unknown}
Comestibles
 f - 7 rations
 n - a chunk of flesh


   Skills:
 + Level 3.8 Fighting
 + Level 2.6 Maces & Flails
 + Level 3.8 Armour
 + Level 0.3 Dodging
 + Level 3.8 Shields


You had 3 spell levels left.
You didn't know any spells.

Dungeon Overview and Level Annotations

Branches:
Dungeon (2/15)

Altars:

Annotations:
D:2 Robin


Innate Abilities, Weirdness & Mutations

You are resistant to torment.
Your stone body is resilient. (AC +3)
You are immune to poison.
You resist negative energy. (rN+)
You are resistant to electric shocks. (rElec)
You can survive without breathing.
You are immune to petrification.
You are immune to rotting.


Message History

The goblin hits you but does no damage. The goblin closely misses you.
You block the hobgoblin's attack. You block Robin's attack.
The hobgoblin hits you.
* * * LOW HITPOINT WARNING * * *
You block Robin's attack.
Items here: ( )))) ††††† You take 1 damage, and have 1/24 hp.
You closely miss the hobgoblin. The hobgoblin barely misses you.
The goblin hits you but does no damage.
Robin roars a battlecry!
The hobgoblin goes into a battle-frenzy!
The goblin hits you but does no damage. The hobgoblin barely misses you.
You are feeling hungry.
You sock the hobgoblin!
You kill the hobgoblin!
You have reached level 4!
You feel clever.
The goblin no longer looks unusually strong.
Robin hits you from afar with a trident.
You die...

ЇЇ..... Ї...... Ї...... Ї......
Ї...... Ї...... Ї....g.ЇЇ+Ї
Ї†@Ї.Ї. Ї ЇЇЇЇЇgЇ.Ї.Ї .ЇЇЇЇ
Ї...Їg..Ї.ЇЇЇЇЇЇ.....
Ї...ЇЇ...............
Ї...ЇЇ.ЇЇ.Ї....Ї.....
Ї..............Ї ЇЇЇ
Ї...Ї..........ЇЇЇЇЇ
ЇЇ.ЇЇ.......Ї......Ї
Ї.ЇЇ.......Ї......Ї Ї.........Ї
Ї.Ї.....>..Ї......Ї
Ї.........ЇЇЇ.Ї........Ї......Ї
Ї......................Ї......Ї
Ї......................Ї......Ї
Ї..............ЇЇЇЇЇЇЇЇ...ЇЇЇЇ
Ї..............ЇЇЇЇЇЇЇЇ...Ї
Ї.....................'...Ї
Ї..............ЇЇЇЇЇЇЇЇ...Ї
Ї........ЇЇЇЇЇ.Ї Ї...Ї Ї
Ї........ЇЇЇЇЇ.Ї


ЇЇЇЇЇ Ї Ї..............Ї Ї Ї........ЇЇЇЇЇЇЇ ЇЇЇЇЇ.ЇЇЇЇЇЇ ......Ї ЇЇЇЇЇЇЇ ..Ї Ї.Ї
Ї.Ї You could see Robin and 2 goblins.

Vanquished Creatures
  An adder (D:2)
  An ooze (D:1)
  2 dart slugs
  A giant cockroach (D:1)
  11 goblins
  7 hobgoblins
  4 kobolds (D:1)
  2 ball pythons (D:1)
  4 bats
  A frilled lizard (D:1)
  2 rats (D:1)
36 creatures vanquished.

Notes
Turn   | Place    | Note
-------+----------+-------------------------------------------
     0 | D:1      | tminei the Gargoyle Fighter began the quest for the Orb.
     0 | D:1      | Reached XP level 1. HP: 14/14 MP: 1/1
   122 | D:1      | Reached XP level 2. HP: 10/20 MP: 2/2
   569 | D:1      | Reached XP level 3. HP: 21/24 MP: 3/3
   968 | D:2      | Noticed Robin
   993 | D:2      | HP: 1/24 [hobgoblin[Robin] (1)]
   995 | D:2      | Reached XP level 4. HP: 2/29 MP: 4/4
   995 | D:2      | Slain by Robin

Action                   |  1- 3 |  4- 6 || total
-------------------------+-------+-------++-------
Melee: Flail             |   102 |       ||   102
  Use: Scroll            |     1 |       ||     1
Armor: Scale mail        |   100 |       ||   100
Dodge: Dodged            |    70 |       ||    70
Block: Shield            |    88 |       ||    88
